AoeStats
← [GDL] Maldito Pantoja

Team Islands

503289524Analyzed
4v4 RM · 1mo ago on Aug 31, 2026· 15m 40s· 8 players
Game mode
Random Map
Map size
242×242
Population
200
Speed
Normal
Resources
Standard
Victory
Conquest
Starting age
Dark Age
Ending age
Imperial Age
RankedLock teamsTeams togetherTeam positionsShared explorationLock speedFull tech treeHidden civsTurbo modeCheats
Victory
Defeat
🇧🇷 Vikings · Brazil
1595
+8
🇧🇷 Koreans · Brazil
1491
+11
🇧🇷 Saracens · Brazil
1302
+20
🇧🇷 Portuguese · Brazil
1082
+27
🇺🇸 Koreans · United States
1438
-19
🇧🇴 Vietnamese · Bolivia
1392
-17
🇲🇽 Spanish · Mexico
1374
-16
🇨🇴 Portuguese · Colombia
1356
-15
Feifred
Morlhaw
[GDL] Maldito Pantoja
GG LA LIFE KARIN
AcheronianoSSx
8:33 Loom
10:43 Feudal Age
11:09 Double-Bit Axe
15:48 Horse Collar
SSx_Sinistro
6:51 Loom
10:23 Feudal Age
12:13 Wheelbarrow
13:09 Town Watch
14:25 Double-Bit Axe
14:16 Man-at-Arms
SS_Bart
5:17 Loom
SS_Tiozão
8:28 Loom
10:48 Feudal Age
11:19 Double-Bit Axe
13:01 Fletching
Connection lost

Rejoining the realm…

Still unreachable

The connection could not be restored.

Session expired

The server has moved on; the page needs a fresh start.